 Dungeon Crawl Stone Soup version 0.18-a0-1159-gf481d65 (webtiles) character file.

2514 Hamishm the Fighter (level 9, -6/86 HPs)
             Began as a Minotaur Fighter on Jan 23, 2016.
             Was a Follower of Trog.
             Mangled by an orc warrior
             ... wielding a +0 battleaxe
              (16 damage)
             ... on level 6 of the Dungeon on Jan 24, 2016.
             The game lasted 00:48:03 (5066 turns).

Hamishm the Fighter (Minotaur Fighter)              Turns: 5066, Time: 00:48:03

Health: -6/86      AC:  7    Str: 25    XL:     9   Next: 29%
Magic:  8/8        EV:  9    Int: 13    God:    Trog [*.....]
Gold:   375        SH: 11    Dex:  9    Spells: 1 memorised, 7 levels left

rFire  + . .     SeeInvis .     a - +0 war axe
rCold  . . .     Gourm    .     q - +0 ring mail (curse)
rNeg   . . .     Faith    .     c - +0 shield
rPois  .         Spirit   .     (helmet restricted)
rElec  .         Dismiss  .     (no cloak)
rCorr  .         Reflect  .     (no gloves)
SustAt .         Harm     +     (no boots)
MR     .....                    e - amulet of harm
Stlth  ..........               (no ring)
                                m - +6 ring of intelligence

@: not resistant to hostile enchantments, extremely unstealthy
A: retaliatory headbutt, horns 2, clever 1, fire resistance 1, no device heal 1
a: Berserk, Burn Spellbooks, Renounce Religion


You were on level 6 of the Dungeon.
You worshipped Trog.
Trog was aware of your devotion.
You were hungry.

You visited 2 branches of the dungeon, and saw 7 of its levels.

You collected 375 gold pieces.

Inventory:

Hand Weapons
 a - a +0 war axe (weapon)
Armour
 b - a +0 scale mail
 c - a +0 shield (worn)
 q - a cursed +0 ring mail (worn)
Jewellery
 e - an amulet of harm (around neck)
 m - a +6 ring of intelligence (left hand)
Scrolls
 d - a scroll of recharging
 j - a scroll of magic mapping
 k - 4 scrolls of identify
 l - a scroll of fog
Comestibles
 i - 6 meat rations
 o - 5 bread rations
 p - 3 beef jerkies


   Skills:
 * Level 10.9 Fighting
 + Level 10.0 Axes
 * Level 10.1 Armour
 - Level 1.2 Dodging
 + Level 8.3 Shields


You had 7 spell levels left.
You knew the following spells:

 Your Spells              Type           Power        Failure   Level  Hunger
a - Animate Skeleton      Necr           N/A          89%         1    ##.....


Dungeon Overview and Level Annotations

Branches:
Dungeon (6/15)             Temple (1/1) D:4

Altars:
Ashenzari
Cheibriados
Dithmenos
Fedhas
Gozag
Kikubaaqudgha
Makhleb
Nemelex Xobeh
Okawaru
Pakellas
Ru
Sif Muna
Trog
Vehumet
Xom
Yredelemnul
Zin
The Shining One


Innate Abilities, Weirdness & Mutations

You reflexively headbutt those who attack you in melee.
You have a pair of horns on your head.
Your mind is acute. (Int +2)
Your flesh is heat resistant.
Potions and wands are less effective at restoring your health.


Message History

You feel less confused. You block the orc warrior's attack.
You enter the shallow water.
Moving in this stuff is going to be slow.
The orc wizard gestures at you while chanting.
You easily resist.
The orc wizard mumbles some strange words.
The orc wizard flickers and vanishes!
Deactivating autopickup; reactivate with Ctrl-A.
You block the orc warrior's attack.
The gnoll shouts!
Read which item? (? for menu, Esc to quit)
As you read the scroll of fog, it crumbles to dust.
The scroll dissolves into smoke.
The orc warrior barely misses you.
The orc warrior hits you with a battleaxe.
* * * LOW HITPOINT WARNING * * *
The gnoll shouts!
The orc warrior barely misses you.
The orc warrior hits you with a battleaxe!
You die...

#####################
.......P.§§§§§§.§...#
.....P....§§§§{o...P#### #
≈≈≈≈≈≈≈{≈≈§{§§§§@≈≈≈.#.# .#.
≈≈≈≈≈≈≈≈≈≈§§§≈≈≈≈≈≈≈.#.###....
≈≈≈≈≈≈≈≈≈§§§§#####≈≈..........
.............#.g.#≈≈........#
##############...#≈≈.#.##...#
#'###≈≈.#.##...#
#.#.≈≈≈.#.##...#
#.#.≈≈≈...##..# #.≈≈≈.......#


You could see an orc warrior and a gnoll.

Vanquished Creatures
  Eustachio (D:4)
  Menkaure (D:4)
  A sky beast (D:5)
  A centaur (D:5)
  An ogre (D:6)
  2 giant frogs (D:6)
  8 scorpions
  A troll zombie (D:6)
  4 wights (D:6)
  A centaur skeleton (D:4)
  A jelly (D:5)
  3 hounds
  An orc priest (D:4)
  A gnoll shaman (D:6)
  3 orc wizards
  A worker ant (D:4)
  A killer bee zombie (D:6)
  An ogre zombie (D:6)
  A worker ant zombie (D:5)
  9 gnolls
  6 adders
  2 oozes
  An adder skeleton (D:4)
  3 worms
  3 giant geckos
  14 orcs
  8 giant cockroaches
  13 goblins
  3 hobgoblins
  19 jackals
  4 quokkas
  2 ball pythons
  3 bats
  7 giant newts
  A jackal zombie (D:6)
  6 kobolds
  11 rats
  2 bushes (D:4)
151 creatures vanquished.

Vanquished Creatures (others)
  A kobold (D:2)
1 creature vanquished.

Grand Total: 152 creatures vanquished

Notes
Turn   | Place    | Note
--------------------------------------------------------------
     0 | D:1      | Hamishm the Minotaur Fighter began the quest for the Orb.
     0 | D:1      | Reached XP level 1. HP: 19/19 MP: 0/0
   167 | D:1      | Reached skill level 4 in Armour
   377 | D:1      | Reached XP level 2. HP: 27/27 MP: 1/1
   933 | D:2      | Reached XP level 3. HP: 29/33 MP: 2/2
   951 | D:2      | Gained mutation: You evolve. [potion of mutation]
   951 | D:2      | Gained mutation: You have sharp toenails. [potion of mutation]
   951 | D:2      | Gained mutation: Scrolls take you a little longer to read. [potion of mutation]
   952 | D:2      | Lost mutation: You evolve. [potion of cure mutation]
   952 | D:2      | Lost mutation: You have sharp toenails. [potion of cure mutation]
   952 | D:2      | Lost mutation: Scrolls take you a little longer to read. [potion of cure mutation]
  1109 | D:2      | Found a sparkling altar of Nemelex Xobeh.
  1190 | D:2      | Found a faded altar to an unknown god.
  1247 | D:2      | Became a worshipper of Kikubaaqudgha
  1247 | D:2      | Reached * piety under Kikubaaqudgha
  1247 | D:2      | Received a gift from Kikubaaqudgha
  1249 | D:2      | Identified Kikubaaqudgha's Reference Book on Darkness (Kikubaaqudgha gifted it to you on level 2 of the Dungeon)
  1256 | D:2      | Learned a level 1 spell: Animate Skeleton
  1375 | D:2      | Reached XP level 4. HP: 40/40 MP: 3/3
  1548 | D:2      | Reached skill level 1 in Dodging
  1965 | D:3      | Reached ** piety under Kikubaaqudgha
  2027 | D:3      | Reached XP level 5. HP: 16/47 MP: 4/4
  2122 | D:3      | Learned a level 2 spell: Corpse Rot
  2469 | D:4      | Noticed Eustachio
  2487 | D:4      | Killed Eustachio
  2487 | D:4      | Reached skill level 5 in Fighting
  2487 | D:4      | Reached skill level 5 in Shields
  2487 | D:4      | Reached XP level 6. HP: 28/56 MP: 5/5
  2520 | D:4      | Reached skill level 5 in Armour
  2773 | D:4      | Reached skill level 6 in Fighting
  2773 | D:4      | Reached skill level 5 in Axes
  2773 | D:4      | Reached XP level 7. HP: 57/63 MP: 6/6
  2922 | D:4      | Noticed Menkaure
  2935 | D:4      | Killed Menkaure
  2947 | D:4      | Found a staircase to the Ecumenical Temple.
  2959 | Temple   | Entered the Ecumenical Temple
  3043 | Temple   | Fell from the grace of Kikubaaqudgha
  3043 | Temple   | Became a worshipper of Trog the Wrathful
  3312 | D:5      | Entered Level 5 of the Dungeon
  3325 | D:5      | Reached skill level 10 in Fighting
  3325 | D:5      | Reached XP level 8. HP: 70/79 MP: 7/7
  3964 | D:5      | Reached skill level 10 in Armour
  4129 | D:6      | Reached * piety under Trog
  4129 | D:6      | Reached XP level 9. HP: 83/86 MP: 8/8
  4458 | D:6      | Reached skill level 10 in Axes
  4521 | D:6      | HP: 4/86 [troll zombie[the malice of Kikubaaqudgha] (6)]
  4523 | D:6      | Gained mutation: Your flesh is heat resistant. [potion of mutation]
  4523 | D:6      | Gained mutation: Potions and wands are less effective at restoring your health. [potion of mutation]
  4523 | D:6      | Gained mutation: Your mind is acute. (Int +2) [potion of mutation]
  4524 | D:6      | Upgraded the game from 0.18-a0-1156-gc10038c to 0.18-a0-1159-gf481d65
  5034 | D:6      | HP: 2/86 [orc warrior/battleaxe (13)]
  5066 | D:6      | Mangled by an orc warrior

Vault maps used:
D:1:      erik_arrival_blinker_ship
D:2:      ecumenical_altar_2, nemelex_altar_shiori
D:3:      hangedman_decor_clover_reticule, minmay_surrounded
D:4:      minmay_temple_entry_junction, first_bread, minmay_hedge_maze,
          uniq_menkaure, uniq_eustachio
D:6:      lemuel_castle_with_subvaults, kennysheep_little_box,
          minmay_fountain_box, kennysheep_big_empty_room,
          uniq_crazy_yiuf_cottage
Temple:   kilobyte_greek_temple_18

Action                   |  1- 3 |  4- 6 |  7- 9 || total
-------------------------+-------+-------+-------++-------
Melee: War axe           |    80 |   143 |   239 ||   462
Invok: Burn Spellbooks   |       |       |     2 ||     2
  Use: Scroll            |     3 |     5 |     5 ||    13
       Potion            |     2 |     8 |     6 ||    16
  Eat: Bread ration      |     1 |       |       ||     1
       Pizza             |       |     2 |       ||     2
       Meat ration       |       |       |     1 ||     1
       Beef jerky        |       |       |     1 ||     1
